 Dungeon Crawl Stone Soup version 0.26.0-10-g1f06aea511 (webtiles) character file.

Game seed: 1384803474197571536

103 MisterFreud the Conjurer (level 4, 0/30 HPs)
             Began as a Demonspawn Conjurer on Jan 28, 2021.
             Killed from afar by an orc wizard (11 damage)
             ... with a puff of flame
             ... on level 3 of the Dungeon.
             The game lasted 00:03:16 (2047 turns).

MisterFreud the Conjurer (Demonspawn Conjurer)      Turns: 2047, Time: 00:03:16

Health: 0/30       AC:  4    Str:  7    XL:     4   Next: 51%
Magic:  6/7        EV: 12    Int: 20    God:
Gold:   187        SH:  0    Dex: 12    Spells: 7/8 levels left

rFire    . . .     SeeInvis .   q - +1 dagger (venom)
rCold    . . .     Faith    .   (no shield)
rNeg     . . .     Spirit   .   a - +0 robe
rPois    .         Reflect  .   (no helmet)
rElec    .         Harm     .   (no cloak)
rCorr    .         Rampage  .   (no gloves)
Will     .....                  (no boots)
Stlth    +.........             (no amulet)
HPRegen  0.10/turn              (no ring)
MPRegen  0.10/turn              (no ring)

@: confused
A: icy blue scales 1, spiny 1
a: no special abilities


You were on level 3 of the Dungeon.
You visited 1 branch of the dungeon, and saw 3 of its levels.

You collected 187 gold pieces.

Inventory:

Hand Weapons
 d - a +0 mace
 m - a +0 short sword of venom
 q - a +1 dagger of venom (weapon)
Armour
 a - a +0 robe (worn)
 o - a +0 buckler
Scrolls
 b - a scroll of immolation {unknown}
 c - 3 scrolls of fog {unknown}
 e - a scroll of teleportation {unknown}
 h - 3 scrolls of identify {unknown}
 i - 2 scrolls of magic mapping {unknown}
 k - a scroll of enchant armour {unknown}
 p - a scroll of remove curse {unknown}
Potions
 f - a potion of degeneration {unknown}
 g - a potion of mutation {unknown}
 j - 2 potions of lignification {unknown}
 l - a potion of resistance {unknown}
 n - a potion of curing {unknown}


   Skills:
 - Level 1.7 Dodging
 - Level 1.7 Stealth
 + Level 1.2 Shields
 + Level 2.5 Spellcasting
 + Level 5.4 Conjurations


You had 7 spell levels left.
You knew the following spells:

 Your Spells              Type           Power        Failure   Level
a - Magic Dart            Conj           96%          1%          1

Your spell library contained the following spells:

 Spells                   Type           Power        Failure   Level
 Searing Ray              Conj           48%          2%          2
 Dazzling Flash           Conj/Hex       26%          14%         3
 Fulminant Prism          Conj/Hex       6%           43%         4
 Iskenderun's Mystic Bla  Conj/Tloc      13%          43%         4


Dungeon Overview and Level Annotations

Branches:
Dungeon (3/15)

Altars:
Dithmenos

Annotations:
D:2 Sigmund


Innate Abilities, Weirdness & Mutations

You are partially covered in icy blue scales. (AC +2)
You are partially covered in sharp spines.


Message History

You hit something.
You hear some strange, mumbled words.
A puff of flame appears from out of thin air!
The puff of flame hits you!
You miss something. Something hits you but does no damage.
You hear some strange, mumbled words.
Something tries to affect you, but you resist.
Something barely misses you.
You miss something. The orc is struck by your spines.
The orc hits you but does no damage. Something hits you but does no damage.
You hit something but do no damage. The orc is struck by your spines.
The orc barely misses you. Something hits you but does no damage.
You miss something. The orc is struck by your spines.
You kill the orc!
You hear some strange, mumbled words.
You are confused.
You hear some strange, mumbled words.
A puff of flame appears from out of thin air!
The puff of flame misses you. The puff of flame hits you!
You die...

...# ... ♣.♣♣♣.♣♣..#....... ...#
###... ♣♣♣♣.♣♣..##....... ...#
#... ♣♣..♣.##....... ...####.##
♣♣♣♣ ♣♣♣♣####..#### .........#
...♣♣.♣♣♣.# #..# .
.........###..#....o.)#####..#
............(.#...#..#.......#
.#.#########§##.######.......###
##.####### §§.#.@.{............##
.........#§#.#.#..†..............
##.#.###..§§_§§§.................
.#+#+#...#.#§#§#.................
.........§#§§§#......#.......####
..........##§##......#######.# #
..........##.##......# #.# #
.#+#+#........+......#######'####
..<..#######..#..... ##.........#


There were no monsters in sight!

Vanquished Creatures
  4 adders (D:3)
  3 oozes
  2 dart slugs (D:1)
  8 orcs (D:3)
  A ball python (D:3)
  3 giant cockroaches
  3 goblins (D:1)
  4 hobgoblins
  6 kobolds
  4 bats
  2 frilled lizards (D:1)
  2 rats
42 creatures vanquished.

Vanquished Creatures (others)
  4 toadstools (D:1)
4 creatures vanquished.

Grand Total: 46 creatures vanquished

Notes
Turn   | Place    | Note
-------+----------+-------------------------------------------
     0 | D:1      | MisterFreud the Demonspawn Conjurer began the quest for the
                  | Orb.
     0 | D:1      | Reached XP level 1. HP: 13/13 MP: 3/3
   326 | D:1      | Gained mutation: You are partially covered in icy blue
                  | scales. (AC +2) [demonic ancestry]
   326 | D:1      | Reached XP level 2. HP: 17/19 MP: 0/5
  1168 | D:2      | Noticed Sigmund
  1182 | D:3      | Reached skill level 5 in Conjurations
  1185 | D:3      | Reached XP level 3. HP: 22/24 MP: 2/6
  1378 | D:3      | Found a shadowy altar of Dithmenos.
  1611 | D:3      | Gained mutation: You are partially covered in sharp spines.
                  | [demonic ancestry]
  1611 | D:3      | Reached XP level 4. HP: 26/30 MP: 3/7
  1727 | D:3      | Reached skill level 1 in Shields
  1963 | D:3      | Found a faded altar of an unknown god.
  2047 | D:3      | Killed from afar by an orc wizard

Illustrated notes

Levels and vault maps discovered:
D:1:      ldierk_water_garden, layout_basic
D:2:      layout_loops_cross, roderic_lattice_a, hex_large,
          minmay_shallow_snake_nest, uniq_sigmund, uniq_robin
D:3:      layout_basic, chequers_ecumenical_altar_grove, st_stairs_5,
          amcnicky_mini_rare_corridor_liquid, grunt_ministairs_12, minivault_11,
          grunt_dithmenos_smoke_and_mirrors

Skill      XL: |  1  2  3  4 |
---------------+-------------+-----
Conjurations   | 5 |  5.4
Shields        | 1 |  1.2
Dodging        | |  1.7
Stealth        | |  1.7
Spellcasting   | |  2.5

Action                   |  1- 3 |  4- 6 || total
-------------------------+-------+-------++-------
Melee: Unarmed           |     6 |       ||     6
       Mace              |    14 |       ||    14
       Short sword       |    13 |       ||    13
       Dagger            |     5 |    25 ||    30
 Cast: Magic Dart        |    59 |    23 ||    82
Armor: Robe              |     8 |     8 ||    16
Dodge: Dodged            |    26 |    11 ||    37
